cohdb
Replays
Latest Replays
All Replays
Popular Replays
Top Player Replays
Match Explorer
How It Works
Community
CoH3 Stats
Reddit
Sign in to upload your games and track your stats! →
Sign in with Steam
Match 38592067
Unlisted
Match 38592067
Overview
Messages
Build Orders
End
Construct Barracks
Scout Squad
Riflemen Squad
Riflemen Squad
Grenade Package
Riflemen Squad
Infantry Support Center
Construct Weapon Support Center
Bazooka Squad
M1918 Browning Automatic Rifles
Riflemen Squad
Construct Medical Station
Bazooka Squad
REGULATOR
Cmdte. Canela
0
0
Comments
sign in to comment!
No comments posted yet!